 Dungeon Crawl Stone Soup version bcrawl-1.38.3 (webtiles) character file.

Game seed: 7951728845062260812

406256 polpettosauro the Severer (level 10, -1/81 HPs)
             Began as a Minotaur Berserker on July 2, 2023.
             Was a High Priest of Trog.
             Slain by an ettin (shapeshifter) (16 damage)
             ... on level 8 of the Dungeon.
             The game lasted 00:14:00 (6923 turns).

polpettosauro the Severer (Minotaur Berserker)      Turns: 6923, Time: 00:14:01

Health: -1/81      AC: 13    Str: 22    XL:     10   Next: 67%
Magic:  4/4        EV:  6    Int:  7    God:    Trog [*****.]
Gold:   417        SH:  0    Dex: 10    Spells: 9/9 levels left

rFire    + . .     GDR:     24% u - +9 battleaxe (antimagic)
rCold    + . .     SeeInvis .   (shield currently unavailable)
rNeg     . . .     Gourm    .   E - +0 plate armour (curse)
rPois    .         Faith    .   (helmet restricted)
rElec    .         Spirit   .   x - +0 cloak
rCorr    .         Reflect  .   (no gloves)
MR       .....                  k - +0 pair of boots
Stlth    ..........             (no amulet)
HPRegen  0.23/turn              f - ring of protection from cold
MPRegen  0.09/turn              t - ring of protection from fire

@: lightly drained
A: retaliatory headbutt, horns 2
a: Berserk, Trog's Hand, Brothers in Arms, Renounce Religion


You were on level 8 of the Dungeon.
You worshipped Trog.
Trog was extremely pleased with you.
You were not hungry.

You visited 1 branch of the dungeon, and saw 8 of its levels.
You also visited: Sewer.

You collected 417 gold pieces.

Inventory:

Hand Weapons
 a - the +10 dagger "Jatselyg" {venom, rPois rF+ Int+4, unknown}
   (You found it on level 5 of the Dungeon)

   It poisons the flesh of those it strikes.
   It affects your intelligence (+4).
   It protects you from fire.
   It protects you from poison.
 q - a +0 hunting sling
 u - a +9 antimagic battleaxe (weapon)
 G - a +2 executioner's axe of chopping
Missiles
 r - 1020 stones (quivered)
 F - 2 throwing nets {=f}
Armour
 k - a +0 pair of boots (worn)
 x - a +0 cloak (worn)
 E - a cursed +0 plate armour (worn)
Jewellery
 f - a ring of protection from cold (left hand)
 t - a ring of protection from fire (right hand)
Wands
 D - a wand of random effects (6)
Scrolls
 b - 2 scrolls of noise {unknown}
 c - 2 scrolls of teleportation
 d - 8 scrolls of remove curse
 h - 3 scrolls of magic mapping
 i - 3 scrolls of identify
 m - a scroll of enchant armour {unknown}
 y - a scroll of fog {unknown}
Potions
 g - 5 potions of heal wounds {unknown}
 j - a potion of berserk rage {unknown}
 l - 4 potions of agility
 n - 2 potions of flight {unknown}
 o - a potion of haste {unknown}
 p - 2 potions of brilliance {unknown}
 s - a potion of magic {unknown}
 v - a potion of cancellation {unknown}
 w - a potion of ambrosia {unknown}
 z - 2 potions of lignification {unknown}
 A - a potion of might {unknown}
 B - 4 potions of curing {unknown}
Comestibles
 e - 15 rations {!d}


   Skills:
 - Level 5.0(4.7) Fighting
 + Level 17.8(17.5) Axes
 - Level 2.4(2.2) Armour
 - Level 2.1(1.9) Dodging


You had 9 spell levels left.
You didn't know any spells.
Your spell library was empty.

Dungeon Overview and Level Annotations

Branches:
Dungeon (8/12)             Temple (0/1) D:4            Lair (0/6) D:8
    Orc: D:8-11

Altars:
Ashenzari
Cheibriados
Dithmenos
Fedhas
Ru
Trog
Uskayaw
Zin

Shops:
D:5 [   D:7 }

Portals:
Trove: D:8 (give +3 acid dragon scales)


Innate Abilities, Weirdness & Mutations

You reflexively headbutt those who attack you in melee.
You have a pair of horns on your head.


Message History

You slash the ettin!
The ettin is lightly wounded.
You slice the ettin!!
The ettin is heavily wounded.
The ettin hits you!! The ettin hits you!
A gnoll comes into view. It is wielding a +0 club.
You are too injured to fight recklessly!
You are too injured to fight recklessly!
You are too injured to fight recklessly!
The gnoll shouts!
You slash the ettin! You headbutt the ettin.
The ettin is severely wounded.
You hear a shout!
The ettin hits you!!
* * * LOW HITPOINT WARNING * * *
The ettin barely misses you.
You hit the ettin. Your headbutt misses the ettin.
The ettin is severely wounded.
The ettin hits you!
You die...

.. #.........
...#.#............
...#....>..#......
.........))#......
........)........
..#....#.........
#.#.)..#.........
##.....)†......g.
+#.......)@C....#
..?............##
............#..###
..........!.$....#
...........∩.$.#.#
............(..# #
.................#
......#.......##...
............#...#
..


You could see an ettin and a gnoll.

Vanquished Creatures
  A two-headed ogre (D:8)
  2 trolls
  A hippogriff (D:4)
  3 yaks (D:8)
  A basilisk (D:8)
  4 crocodiles (D:8)
  A water moccasin (D:8)
  2 porcupines (D:8)
  A phantom (D:6)
  3 ice beasts
  An orc warrior (D:7)
  3 sky beasts
  4 ogres
  4 kobold brigands (Sewer)
  3 bullfrogs
  2 centaurs
  A gnoll sergeant (D:8)
  4 scorpions
  4 killer bees (D:7)
  7 wights
  3 orc priests
  2 howler monkeys (D:7)
  A bullfrog zombie (D:7)
  6 crimson imps
  6 hounds
  A quasit (D:6)
  A jelly (D:7)
  7 orc wizards
  2 bullfrog skeletons (D:7)
  4 iguanas
  4 worker ants
  A hound zombie (D:7)
  4 hound skeletons
  A mummy (D:6)
  A worker ant zombie (D:7)
  3 gnolls (D:8)
  11 adders
  2 shadow imps
  An ooze (Sewer)
  An adder skeleton (D:4)
  5 worms (D:3)
  3 dart slugs
  6 leopard geckos
  34 orcs
  5 ball pythons
  8 bats
  4 giant cockroaches
  2 goblins (D:2)
  8 hobgoblins
  6 jackals
  12 kobolds
  3 quokkas
  8 frilled lizards
  2 jackal skeletons
  A quokka zombie (D:5)
  2 rats
223 creatures vanquished.

Notes
Turn   | Place    | Note
-------+----------+-------------------------------------------
     0 | D:1      | polpettosauro the Minotaur Berserker began the quest for
                  | the Orb.
     0 | D:1      | Reached XP level 1. HP: 19/19 MP: 0/0
    88 | D:1      | Reached skill level 4 in Axes
    88 | D:1      | Reached XP level 2. HP: 25/27 MP: 1/1
   583 | D:2      | Found a sacrificial altar of Ru.
   852 | D:2      | Reached XP level 3. HP: 34/34 MP: 2/2
   869 | D:2      | Reached ** piety under Trog
  1378 | D:3      | Reached XP level 4. HP: 41/41 MP: 3/3
  1460 | D:3      | Reached skill level 5 in Fighting
  1460 | D:3      | Reached skill level 5 in Axes
  1633 | D:3      | Reached skill level 6 in Axes
  1634 | D:3      | Reached XP level 5. HP: 47/48 MP: 4/4
  1810 | D:3      | Found a bloodstained altar of Trog.
  2282 | D:4      | Noticed a hippogriff
  2325 | D:4      | Noticed an ogre
  2329 | D:4      | Reached *** piety under Trog
  2331 | D:4      | Killed an ogre
  2332 | D:4      | Reached skill level 7 in Axes
  2334 | D:4      | Reached XP level 6. HP: 56/56 MP: 5/5
  2461 | D:4      | Noticed a sky beast
  2462 | D:4      | Found a staircase to the Ecumenical Temple.
  2468 | D:4      | Killed a sky beast
  2469 | D:4      | Reached skill level 8 in Axes
  2570 | D:4      | Killed a hippogriff
  2571 | D:4      | Reached skill level 9 in Axes
  2571 | D:4      | Reached XP level 7. HP: 61/61 MP: 6/6
  2890 | D:4      | Reached skill level 10 in Axes
  2935 | D:4      | Found a blossoming altar of Fedhas.
  3241 | D:5      | Entered Level 5 of the Dungeon
  3591 | D:5      | Reached skill level 11 in Axes
  3591 | D:5      | Reached XP level 8. HP: 68/68 MP: 7/7
  3785 | D:5      | Got a bloodstained dagger
  3873 | D:5      | Noticed a troll
  3882 | D:5      | Killed a troll
  3969 | D:5      | Found Agoerchis's Antique Armour Emporium.
  4188 | D:6      | Reached skill level 12 in Axes
  4260 | D:6      | Reached **** piety under Trog
  4332 | D:6      | Found a glowing drain.
  4337 | Sewer    | Entered a sewer
  4412 | Sewer    | Reached skill level 13 in Axes
  4605 | Sewer    | Reached XP level 9. HP: 74/74 MP: 8/8
  5122 | D:6      | Found a snail-covered altar of Cheibriados.
  5135 | D:6      | Reached skill level 14 in Axes
  5269 | D:6      | Found a shattered altar of Ashenzari.
  5589 | D:7      | Reached ***** piety under Trog
  5722 | D:7      | Noticed a troll
  5739 | D:7      | Killed a troll
  5895 | D:7      | Received a gift from Trog
  5901 | D:7      | Reached skill level 15 in Axes
  5973 | D:7      | Found Sanoagro's Gadget Boutique.
  6224 | D:7      | Reached skill level 16 in Axes
  6285 | D:7      | Reached XP level 10. HP: 81/81 MP: 4/9
  6364 | D:7      | Found a shadowy altar of Dithmenos.
  6476 | D:7      | Found a hide-covered altar of Uskayaw.
  6619 | D:7      | Found a glowing silver altar of Zin.
  6681 | D:8      | Reached skill level 17 in Axes
  6773 | D:8      | Found a staircase to the Lair.
  6775 | D:8      | Found a portal to a secret trove of treasure.
  6780 | D:8      | Noticed a two-headed ogre
  6796 | D:8      | Killed a two-headed ogre
  6873 | D:8      | Received a gift from Trog
  6916 | D:8      | Noticed an ettin
  6923 | D:8      | Slain by an ettin (shapeshifter)

Skill      XL: |  1  2  3  4  5  6  7  8  9 10 |
---------------+-------------------------------+-----
Fighting       | 4 5 |  5.0
Axes           | 4 6 7 9 11 13 16 17 | 17.8
Armour         | |  2.4
Dodging        | |  2.1

Action                   |  1- 3 |  4- 6 |  7- 9 | 10-12 || total
-------------------------+-------+-------+-------+-------++-------
Melee: Hand axe          |    64 |    92 |    40 |       ||   196
       Headbutt          |     8 |    12 |    51 |    11 ||    82
       War axe           |       |       |   210 |       ||   210
       Battleaxe         |       |       |    40 |    67 ||   107
Throw: Stone             |       |       |       |     4 ||     4
Invok: Berserk           |     1 |     4 |     9 |     2 ||    16
  Use: Scroll            |     4 |       |     2 |       ||     6
  Eat: Chunk             |     3 |    10 |    26 |     7 ||    46
Armor: Animal skin       |    11 |       |       |       ||    11
       Scale mail        |       |    22 |    95 |       ||   117
       Ring mail         |       |     3 |       |       ||     3
       Plate armour      |       |       |    29 |    24 ||    53
Dodge: Dodged            |    41 |    41 |   107 |    23 ||   212
